 Dungeon Crawl Stone Soup version 0.22-a0-322-g60b3cfd (webtiles) character file.

3318 Kairos the Cleaver (level 10, 0/111 HPs)
             Began as a Human Fighter on Apr 3, 2018.
             Was a Believer of Okawaru.
             Slain by a centaur (1 damage)
             ... on level 7 of the Dungeon.
             The game lasted 00:14:27 (7311 turns).

Kairos the Cleaver (Human Fighter)                  Turns: 7311, Time: 00:14:28

Health: 0/111      AC: 11    Str: 21    XL:     10   Next: 21%
Magic:  11/11      EV: 10    Int:  9    God:    Okawaru [**....]
Gold:   60         SH: 12    Dex: 16    Spells: 9/9 levels left

rFire    . . .     SeeInvis .   B - +1 war axe (venom)
rCold    . . .     Gourm    .   c - +1 shield
rNeg     . . .     Faith    .   b - +0 scale mail
rPois    .         Spirit   .   (no helmet)
rElec    .         Reflect  .   q - +0 cloak
rCorr    +         Harm     .   H - +0 pair of gloves
MR       +....                  I - +0 pair of boots
Stlth    ..........             e - amulet of rage
HPRegen  0.28/turn              g - ring of resist corrosion
MPRegen  0.12/turn              v - ring of protection from magic

@: berserking, very quick
A: no striking features
a: Heroism, Renounce Religion, Evoke Berserk Rage


You were on level 7 of the Dungeon.
You worshipped Okawaru.
Okawaru was pleased with you.
You were near starving.

You visited 2 branches of the dungeon, and saw 8 of its levels.

You collected 296 gold pieces.
You spent 236 gold pieces at shops.

Inventory:

Hand Weapons
 a - a +0 war axe
 o - a +0 hand axe of chopping
 B - a +1 war axe of venom (weapon)
 C - the +3 spear of the New World {pierce, rPois Int+4}
   (You took it off a centaur on level 5 of the Dungeon)

   It inflicts extra damage upon your enemies.
   It affects your intelligence (+4).
   It protects you from poison.
Armour
 b - a +0 scale mail (worn)
 c - a +1 shield (worn)
 q - a +0 cloak (worn)
 H - a +0 pair of gloves (worn)
 I - a +0 pair of boots (worn)
Magical Staves
 F - an uncursed staff of poison
Jewellery
 e - an amulet of rage (around neck)
 g - a ring of resist corrosion (left hand)
 h - an uncursed ring of wizardry
 v - a ring of protection from magic (right hand)
 D - an uncursed ring of ice
 N - an uncursed ring of poison resistance {unknown}
Wands
 w - a wand of iceblast (3)
 J - a wand of disintegration (8)
Scrolls
 j - a scroll of noise {unknown}
 l - 3 scrolls of amnesia
 n - 3 scrolls of identify
 r - 2 scrolls of remove curse
 s - a scroll of magic mapping
 x - 2 scrolls of teleportation {unknown}
 y - a scroll of immolation {unknown}
 E - a scroll of fear {unknown}
 K - a scroll of summoning {unknown}
Potions
 d - a potion of might
 i - 5 potions of degeneration {unknown}
 k - a potion of magic {unknown}
 m - 2 potions of heal wounds {unknown}
 p - 2 potions of curing
 t - a potion of mutation {unknown}
 u - a potion of brilliance {unknown}
 z - a potion of cancellation {unknown}
 A - a potion of berserk rage {unknown}
 G - a potion of flight {unknown}
 L - a potion of lignification {unknown}
 M - a potion of ambrosia {unknown}
Comestibles
 f - 16 rations


   Skills:
 + Level 5.4 Fighting
 + Level 8.2 Axes
 + Level 7.1 Armour
 + Level 3.4 Dodging
 + Level 1.0 Stealth
 + Level 7.3 Shields
 + Level 0.2 Invocations
 + Level 1.9 Evocations


You had 9 spell levels left.
You didn't know any spells.

Dungeon Overview and Level Annotations

Branches:
Dungeon (7/15)             Temple (1/1) D:5

Altars:
Ashenzari
Cheibriados
Elyvilon
Fedhas
Gozag
Hepliaklqana
Kikubaaqudgha
Makhleb
Nemelex Xobeh
Okawaru
Qazlal
Ru
Sif Muna
Trog
Uskayaw
Vehumet
Wu Jian
Xom
Yredelemnul
Zin

Shops:
D:4 ?[(?

Annotations:
D:7 Prince Ribbit


Message History

The centaur unwields an uncursed shortbow.
The centaur barely misses you.
Things that are here:
a whip; a leather armour You slash the centaur!
The centaur is poisoned.
The centaur is moderately wounded.
The centaur barely misses you.
You feel better. You block the centaur's attack. Prince Ribbit hits you!
* * * LOW HITPOINT WARNING * * *
The centaur hits you but does no damage.
You fail to use your ability.
The centaur hits you.
* * * LOW HITPOINT WARNING * * *
Prince Ribbit hits you.
* * * LOW HITPOINT WARNING * * *
A red film seems to cover your vision as you go berserk!
You feel yourself moving faster!
You feel mighty!
You are near starving!
The centaur barely misses you. You block Prince Ribbit's attack.
The centaur hits you.
You die...

......# #..# #####.# #..#
#.# #..# #####.# #..#
...##.#########..#####
................(....#
.#.##............###..#
.#.##..########F### #
.#.##<......#..(@.#
.#.###.####.#.#.#c#
.#.#.....##.#.#.#o#
...#.#.#.##.#...#.####.###
.###.#.#....#####.........
...#.#.###### #...#####.##
...#.#.# #.#.# ####.#..
...#.# .. .....### ...#
#.# ..


You could see Prince Ribbit, an orc warrior and a centaur.

Vanquished Creatures
  The ghost of Kairos the Poker, a novice HuFi of Okawaru (D:7)
  Joseph (D:7)
  The ghost of Kairos the Chopper, an amateur HuFi (D:4)
  A hippogriff (D:3)
  Edmund (D:5)
  A black bear (D:6)
  An ice beast (D:3)
  2 orc warriors (D:6)
  A sky beast (D:6)
  3 ogres
  2 centaurs
  A big kobold (D:5)
  2 scorpions (D:4)
  3 crimson imps
  A bullfrog zombie (D:6)
  3 jellies
  3 hounds
  A centaur skeleton (D:6)
  5 orc priests
  3 orc wizards
  An iguana (D:5)
  Natasha (thrice) (D:3)
  2 worker ants
  A worker ant zombie (D:6)
  6 adders
  2 shadow imps
  An ooze (D:6)
  An adder skeleton (D:5)
  2 worms
  3 dart slugs
  8 leopard geckos
  26 orcs
  5 bats
  7 giant cockroaches
  6 goblins
  3 hobgoblins
  7 kobolds
  2 quokkas
  2 ball pythons (D:1)
  5 frilled lizards
  2 jackal skeletons
  2 jackal zombies (D:5)
  A leopard gecko skeleton (D:4)
  6 rats
141 creatures vanquished.

Vanquished Creatures (others)
  A goblin (D:2)
1 creature vanquished.

Grand Total: 142 creatures vanquished

Notes
Turn   | Place    | Note
-------+----------+-------------------------------------------
     0 | D:1      | Kairos the Human Fighter began the quest for the Orb.
     0 | D:1      | Reached XP level 1. HP: 18/18 MP: 1/1
   215 | D:1      | Reached XP level 2. HP: 22/24 MP: 2/2
   811 | D:2      | Reached XP level 3. HP: 21/29 MP: 3/3
   818 | D:2      | Reached XP level 4. HP: 25/35 MP: 4/4
  1157 | D:2      | Reached skill level 3 in Axes
  1189 | D:2      | Found a radiant altar of Vehumet.
  1485 | D:3      | Reached XP level 5. HP: 31/41 MP: 5/5
  1495 | D:3      | Reached skill level 1 in Dodging
  1524 | D:3      | Noticed an ogre
  1533 | D:3      | Killed an ogre
  1533 | D:3      | Reached XP level 6. HP: 20/48 MP: 6/6
  2051 | D:3      | Noticed a hippogriff
  2067 | D:3      | Killed a hippogriff
  2067 | D:3      | Reached skill level 4 in Axes
  2067 | D:3      | Reached XP level 7. HP: 26/53 MP: 7/7
  2410 | D:3      | Noticed Natasha
  2413 | D:3      | Killed Natasha
  2540 | D:3      | Noticed Natasha
  2547 | D:3      | Killed Natasha
  2547 | D:3      | Reached skill level 1 in Evocations
  2647 | D:3      | Noticed Natasha
  2655 | D:3      | Killed Natasha
  2655 | D:3      | Reached skill level 5 in Shields
  2793 | D:4      | Noticed Kairos's ghost (amateur HuFi)
  2812 | D:4      | Killed Kairos's ghost
  2812 | D:4      | Reached skill level 5 in Axes
  2812 | D:4      | Reached XP level 8. HP: 60/60 MP: 7/9
  2864 | D:4      | Found a hazy altar of Hepliaklqana.
  2880 | D:4      | Found Vaotaici's Weapon Shop.
  2957 | D:4      | Found Bojues's Antique Armour Boutique.
  3005 | D:4      | Found Heotas's Magic Scroll Emporium.
  3268 | D:4      | Reached skill level 5 in Armour
  3271 | D:4      | Found Weabloh's Magic Scroll Shop.
  3416 | D:4      | Found a sparkling altar of Nemelex Xobeh.
  3827 | D:4      | Bought a +0 war axe of venom for 74 gold pieces
  3992 | D:4      | Bought a scroll of identify for 24 gold pieces
  3995 | D:4      | Bought a scroll of identify for 24 gold pieces
  3995 | D:4      | Bought a scroll of identify for 24 gold pieces
  4024 | D:5      | Entered Level 5 of the Dungeon
  4044 | D:5      | Found a staircase to the Ecumenical Temple.
  4083 | Temple   | Entered the Ecumenical Temple
  4198 | Temple   | Became a worshipper of Warmaster Okawaru
  4501 | D:5      | Reached skill level 6 in Axes
  4508 | D:5      | Reached XP level 9. HP: 63/66 MP: 10/10
  4511 | D:5      | Got a steaming spear {pierce}
  4561 | D:5      | Found a shimmering altar of Xom.
  4616 | D:5      | Noticed Edmund
  4640 | D:5      | Killed Edmund
  5262 | D:6      | Reached * piety under Okawaru
  5671 | D:6      | Reached skill level 7 in Axes
  5962 | D:6      | Identified the cursed +3 spear of the New World {pierce, rPois Int+4} (You took it off a centaur on level 5 of the Dungeon)
  6624 | D:4      | Bought a scroll of enchant weapon for 90 gold pieces
  6697 | D:7      | Noticed Joseph
  6951 | D:7      | Killed Joseph
  6951 | D:7      | Reached skill level 5 in Fighting
  7126 | D:7      | Noticed Kairos's ghost (novice HuFi)
  7162 | D:7      | Killed Kairos's ghost
  7162 | D:7      | Reached ** piety under Okawaru
  7162 | D:7      | Reached skill level 8 in Axes
  7162 | D:7      | Reached skill level 1 in Stealth
  7162 | D:7      | Reached XP level 10. HP: 44/74 MP: 9/11
  7274 | D:7      | Noticed Prince Ribbit
  7310 | D:7      | HP: 1/74 [Prince Ribbit (5)]
  7311 | D:7      | Slain by a centaur

Vault maps used:
D:1:      lightli_arrival_farm, minmay_misc_feat_columns
D:2:      vehumet_crystals, first_ration, lemuel_old_faithful
D:3:      kennysheep_big_flooded_room, corexii_leaking_fountain, uniq_natasha
D:4:      kennysheep_little_box, nemelex_xobeh_ov_fountains_minmay,
          serial_shops, shop, shop_statue, shop, shop
D:5:      kennysheep_mini_moat, minmay_temple_entry_glassed_door, uniq_edmund
D:6:      serial_co_window_serial, co_window_paths_a, co_window_paths_b,
          co_window_paths_a, co_window_of_opportunity_a, co_window_paths_b,
          co_window_corner_a, co_window_broadway_a, co_window_corner_ca,
          co_window_unsneaky_path_c, co_window_corner_ca, co_window_broadway_a,
          glass_columns_a, glass_columns_a, lightli_orcish_oven
D:7:      lemuel_doored_altar, basic_altar, uniq_prince_ribbit1, uniq_joseph
Temple:   nicolae_temple_elliptical

Skill      XL: |  1  2  3  4  5  6  7  8  9 |
---------------+----------------------------+-----
Axes           | 3 4 5 6 8 |  8.2
Dodging        | 1 2 3 |  3.4
Shields        | 4 5 7 |  7.3
Armour         | 4 5 7 |  7.1
Evocations     | 1 |  1.9
Fighting       | 4 5 |  5.4
Stealth        | 1 |  1.0
Invocations    | |  0.2

Action                   |  1- 3 |  4- 6 |  7- 9 | 10-12 || total
-------------------------+-------+-------+-------+-------++-------
Melee: War axe           |    56 |       |   223 |     9 ||   288
       Hand axe          |       |   166 |   126 |       ||   292
Invok: Heroism           |       |       |     2 |       ||     2
 Abil: Evoke Berserk Rag |       |     2 |     4 |     1 ||     7
  Use: Scroll            |       |       |     8 |       ||     8
       Potion            |       |       |       |     2 ||     2
  Eat: Chunk             |       |     4 |    14 |     1 ||    19
       Ration            |       |       |     2 |       ||     2
Armor: Scale mail        |    24 |    69 |   107 |     4 ||   204
Dodge: Dodged            |    15 |    55 |   104 |     5 ||   179
Block: Shield            |    24 |    98 |   188 |    14 ||   324

Table legend:
 A = Spawn XP
 B = Non-spawn XP
 C = Spawn XP percentage of total XP
 D = Spawn monster count
 E = Non-spawn monster count
 F = Spawn count percentage of total count
 G = Total turns spent on level
                    A         B        C        D         E        F      G
               +---------+---------+-------+---------+---------+-------+---------
         Total |       0 |    4740 |   0.0 |       0 |     141 |   0.0 |  7311
               +---------+---------+-------+---------+---------+-------+---------
           D:1 |       0 |      23 |   0.0 |       0 |      12 |   0.0 |   646
           D:2 |       0 |      73 |   0.0 |       0 |      18 |   0.0 |   608
           D:3 |       0 |     813 |   0.0 |       0 |      37 |   0.0 |  1430
           D:4 |       0 |     645 |   0.0 |       0 |      12 |   0.0 |  1395
           D:5 |       0 |     796 |   0.0 |       0 |      24 |   0.0 |   983
           D:6 |       0 |     882 |   0.0 |       0 |      26 |   0.0 |  1732
           D:7 |       0 |    1508 |   0.0 |       0 |      12 |   0.0 |   378
               +---------+---------+-------+---------+---------+-------+---------
